 Dungeon Crawl Stone Soup version 0.32-a0-20-ge526923d97 (webtiles) character file.

Game seed: 16058436305177842440

148 croobank the Sneak (level 5, -3/42 HPs)
             Began as a Human Delver on Jan 18, 2024.
             Killed by divine providence
             ... invoked by an orc priest
              (12 damage)
             ... on level 4 of the Dungeon.
             The game lasted 00:07:01 (3657 turns).

croobank the Sneak (Human Delver)                   Turns: 3657, Time: 00:07:02

Health: -3/42      AC:  6    Str: 13    XL:     5   Next: 30%
Magic:  0/5        EV: 13    Int: 12    God:
Gold:   110        SH:  0    Dex: 14    Spells: 4/4 levels left

rFire   . . .        a - +0 short sword
rCold   . . .        (no shield)
rNeg    . . .        (no body armour)
rPois   +            i - +0 helmet
rElec   .            (no cloak)
rCorr   .            j - +0 pair of gloves
SInv    .            (no boots)
Will    .....        F - amulet of guardian spirit
Stlth   +++          l - +4 ring of protection
HPRegen 0.27/turn    r - ring of poison resistance
MPRegen 0.09/turn

%: guardian spirit
@: brilliant
A: explore regen
a: no special abilities


You were on level 4 of the Dungeon.
You visited 1 branch of the dungeon, and saw 6 of its levels.

You collected 156 gold pieces.
You spent 46 gold pieces at shops.

Inventory:

Hand Weapons
 a - a +0 short sword (weapon)
 G - a +2 whip of venom
 I - a +1 dagger of pain
Missiles
 p - 4 atropa-tipped darts (quivered)
 u - 6 javelins
 D - a throwing net
 E - 4 curare-tipped darts
Armour
 i - a +0 helmet (worn)
 j - a +0 pair of gloves (worn)
 z - the +2 leather armour of the Equator {Dex+2}
   (You found it on level 2 of the Dungeon)

   Dex+2:     It affects your dexterity (+2).
Jewellery
 l - a +4 ring of protection (left hand)
 r - a ring of poison resistance (right hand)
 F - an amulet of guardian spirit (around neck)
Wands
 g - a wand of digging (3)
Scrolls
 c - 2 scrolls of fog
 d - 2 scrolls of revelation
 e - a scroll of fear
 h - a scroll of immolation {unknown}
 k - 2 scrolls of noise {unknown}
 m - 6 scrolls of identify {unknown}
 n - a scroll of vulnerability {unknown}
 x - a scroll of teleportation {unknown}
 y - a scroll of torment {unknown}
 A - a scroll of acquirement {unknown}
 B - a scroll of butterflies {unknown}
 C - 2 scrolls of poison {unknown}
 H - a scroll of enchant armour {unknown}
Potions
 f - a potion of haste
 o - 3 potions of brilliance
 q - a potion of berserk rage {unknown}
 s - a potion of ambrosia {unknown}
 t - 2 potions of attraction {unknown}
 v - a potion of curing {unknown}
 w - 2 potions of heal wounds {unknown}


   Skills:
 + Level 3.9 Fighting
 + Level 3.0 Short Blades
 + Level 3.1 Dodging
 + Level 5.7 Stealth


You had 4 spell levels left.
You didn't know any spells.
Your spell library contained the following spells:

 Spells                   Type           Power      Damage    Failure   Level
 Kiss of Death            Conj/Necr      0%         2d5       32%         1
 Confusing Touch          Hex            0%         N/A       69%         3
 Dispel Undead            Necr           0%         3d6       97%         4


Dungeon Overview and Level Annotations

Branches:
Dungeon (6/15)
 Temple: D:4-7

Altars:
Gozag
Okawaru
Qazlal

Shops:
D:3 *   D:6 (

Annotations:
D:1 1 transporter
D:3 1 runed translucent door, Crazy Yiuf


Innate Abilities, Weirdness & Mutations

You regain HP and MP as you explore.


Message History

The orc wizard is heavily wounded.
The orc wizard points at you and mumbles some strange words.
You are confused.
You barely miss the orc wizard.
The orc wizard is heavily wounded.
The orc wizard hits you but does no damage.
The orc priest calls down the wrath of Beogh upon you.
Beogh smites you!
You hit the orc wizard but do no damage.
The orc wizard is heavily wounded.
The orc wizard hits you with a +0 dagger.
The orc priest looks encouraged for a moment.
You completely miss the orc wizard.
The orc wizard is heavily wounded.
The orc wizard hits you with a +0 dagger.
You closely miss the orc wizard.
The orc wizard is heavily wounded.
You feel less confused. The orc wizard closely misses you.
You hit the orc wizard.
The orc wizard is severely wounded.
The orc priest mumbles some strange prayers to Beogh against you.
Beogh smites you!
* * * LOW HITPOINT WARNING * * *
You hit the orc wizard.
The orc wizard is almost dead.
The orc wizard closely misses you.
You hit the orc wizard.
The orc wizard is almost dead.
The orc wizard hits you but does no damage.
You closely miss the orc wizard.
The orc wizard is almost dead.
The orc wizard closely misses you.
It was a potion of brilliance.
You feel clever all of a sudden.
The orc wizard gestures at you while chanting.
You resist with some effort.
The orc priest calls down the wrath of Beogh upon you.
Beogh smites you!
You die...

....# ....# ########## ...
.........# ... ########.# #o#
.#.....#.# #o# ##.##....# #o#
.#...###########o#
.###.###...##..#@# .#
#.#(..#.##..#.# ######## ##
#.#.###.##..#.# #......## #
##.#..##.##..#.########.#...... #
#...#.##...........[....#.##.## #
#...#.########.######.........#
###...#.##...........##.###.#.#.#
........##.###................#.#
#............#...†.........##.#..


You could see an orc priest, an orc wizard and 2 orcs.

Vanquished Creatures
  A bombardier beetle (D:2)
  An adder (D:3)
  3 gnolls
  4 dart slugs
  2 ribbon worms (D:2)
  3 orcs
  6 bats
  5 endoplasms
  2 giant cockroaches
  A goblin (D:3)
  6 hobgoblins
  5 jackals (D:1)
  5 kobolds
  2 quokkas
  6 ball pythons
  2 frilled lizards
  5 rats
59 creatures vanquished.

Notes
Turn   | Place    | Note
-------+----------+-------------------------------------------
     0 | D:5      | croobank the Human Delver began the quest for the Orb.
     0 | D:5      | Reached XP level 1. HP: 18/18 MP: 1/1
    56 | D:6      | Found Kigirima's Antique Weapon Emporium.
   111 | D:3      | Found Feuvafi's Assorted Antiques.
   232 | D:3      | Reached XP level 2. HP: 22/24 MP: 2/2
   510 | D:2      | Reached XP level 3. HP: 29/29 MP: 3/3
   595 | D:1      | Found a transporter.
  1101 | D:1      | Reached XP level 4. HP: 35/35 MP: 4/4
  1692 | D:2      | Identified the +2 leather armour of the Equator {Dex+2}
  2020 | D:1      | Reached XP level 5. HP: 16/42 MP: 5/5
  2729 | D:3      | Found an opulent altar of Gozag.
  2769 | D:3      | Bought a scroll labelled YPNUKHLIPAO for 23 gold pieces
  2769 | D:3      | Bought a scroll labelled HOANWI JIAX for 23 gold pieces
  2984 | D:3      | Found a runed translucent door.
  2985 | D:3      | Noticed Crazy Yiuf
  3305 | D:3      | Found a stormy altar of Qazlal.
  3305 | D:3      | Found an iron altar of Okawaru.
  3657 | D:4      | Killed from afar by an orc priest

Illustrated notes

Levels and vault maps discovered:
D:1:      spicycebolla_arrival_risky_transporter, layout_basic, hex_tiny
D:2:      layout_basic, serial_bayou_pond_c
D:3:      layout_basic, mainiacjoe_overflow_tiny_flanked,
          gammafunk_temple_overflow_elements, serial_shops, shop,
          uniq_crazy_yiuf_cottage
D:4:      layout_basic
D:5:      layout_layer_cave, minmay_temple_entry_hall
D:6:      layout_basic, nicolae_take_the_stairs

Skill      XL: |  1  2  3  4 |
---------------+-------------+-----
Dodging        | 3 |  3.1
Short Blades   | 3 |  3.0
Fighting       | |  3.9
Stealth        | |  5.7

Action                     |  1- 3 |  4- 6 || total
---------------------------+-------+-------++-------
  Melee: Short sword       |   138 |   173 ||   311
         Punch             |       |     1 ||     1
    Use: Potion            |       |     1 ||     1
   Stab: Sleeping          |     9 |     4 ||    13
 Armour: Leather armour    |    56 |    11 ||    67
         Skin              |       |    64 ||    64
  Dodge: Dodged            |    87 |    99 ||   186

Table legend: (Time is in decaauts)
 A = Elapsed time spent in this place.
 B = Non-inter-level travel time spent in this place.
 C = Inter-level travel time spent in this place.
 D = Time resting spent in this place.
 E = Time spent auto-exploring this place.
 F = Levels seen in this place.
 G = Mean time per level.
                   A        B        C        D        E       F      G
               +--------+--------+--------+--------+--------+-----+--------+
         Total |   3617 |   3420 |    197 |    356 |   2303 |   6 |  602.8 |
       Dungeon |   3617 |   3420 |    197 |    356 |   2303 |   6 |  602.8 |
               +--------+--------+--------+--------+--------+-----+--------+

Top non-repeatable levels by time:
     D:2: 1139 daAuts
     D:1: 1075 daAuts
     D:3: 1028 daAuts
     D:4: 273 daAuts
     D:6: 95 daAuts
     D:5: 4 daAuts
